 Dungeon Crawl Stone Soup version 0.29-a0-22-gbf593b16ee (webtiles) character file.

Game seed: 16145818540195933779

512726 sasquatch the Pyromancer (level 23, 0/181 HPs)
             Began as a Pale Draconian Ice Elementalist on Jan 25, 2022.
             Was a High Priest of Sif Muna.
             Slain by a golden dragon (19 damage)
             ... on level 1 of the Realm of Zot on Jan 29, 2022.
             The game lasted 05:09:32 (83048 turns).

sasquatch the Pyromancer (DrIE)                    Turns: 83048, Time: 05:09:33

Health: 0/181      AC: 23    Str: 13    XL:     23   Next: 96%
Magic:  7/44       EV: 14    Int: 41    God:    Sif Muna [*****.]
Gold:   3589       SH: 15    Dex: 11    Spells: 11/57 levels left

rFire   + + .      SeeInvis +   n - +11 rapier of Lubec {drain, rElec rPois rCorr Int+8}
rCold   + + .      Faith    .   S - +2 shield of Resistance {rF++ rC++ Will++}
rNeg    . . .      Spirit   .   (armour unavailable)
rPois   +          Reflect  .   Y - +3 crown of Dyrovepreva {rElec Int+2 SInv}
rElec   +          Harm     .   G - +2 cloak
rCorr   +          Rampage  .   N - +2 pair of gloves
Will    +++..                   t - +2 pair of boots {Fly}
Stlth   ++........              a - amulet of magic regeneration
HPRegen 0.40/turn               p - ring "Saxu" {+Blink rCorr Int+6}
MPRegen 0.69/turn               c - ring of wizardry

@: flying, slowed, studying 3 skills, very slow
A: breathe steam, AC +11, unfitting armour, cold-blooded, steam resistance,
claws 1, passive freeze, subdued magic 1
}: 3/15 runes: decaying, silver, gossamer
a: Breathe Steam, Renounce Religion, Evoke Blink, Channel Magic, Forget Spell,
Divine Exegesis


You were on level 1 of the Realm of Zot.
You worshipped Sif Muna.
Sif Muna was extremely pleased with you.
You visited 9 branches of the dungeon, and saw 44 of its levels.
You also visited: Ossuary, Bailey and Ice Cave.

You collected 6953 gold pieces.
You spent 3364 gold pieces at shops.

Inventory:

Hand Weapons
 n - the +11 rapier of Lubec (weapon) {drain, rElec rPois rCorr Int+8}
   (You found it on level 10 of the Dungeon)

   A truly terrible weapon, it drains the life of any living foe it strikes.
   Int:       It affects your intelligence (+8).
   rElec:     It insulates you from electricity.
   rPois:     It protects you from poison.
   rCorr:     It protects you from acid and corrosion.
Armour
 t - a +2 pair of boots of flying (worn)
 G - a +2 cloak (worn)
 I - the -1 pair of boots "Peij" {Int+6}
   (You found it on level 3 of the Elven Halls)

   Int:       It affects your intelligence (+6).
 N - a +2 pair of gloves (worn)
 S - the +2 shield of Resistance (worn) {rF++ rC++ Will++}
   (You bought it in a shop on level 2 of the Orcish Mines)

   rF:        It greatly protects you from fire.
   rC:        It greatly protects you from cold.
   Will:      It greatly increases your willpower.
 Y - the +3 crown of Dyrovepreva (worn) {rElec Int+2 SInv}
   (You bought it in a shop on level 2 of the Orcish Mines)

   Int:       It affects your intelligence (+2).
   rElec:     It insulates you from electricity.
   SInv:      It lets you see invisible.
Jewellery
 a - an amulet of magic regeneration (around neck)
 c - a ring of wizardry (right hand)
 p - the ring "Saxu" (left hand) {+Blink rCorr Int+6}
   (You found it on level 2 of the Depths)

   [ring of intelligence]

   Int:       It affects your intelligence (+6).
   +Blink:    It lets you blink.
   rCorr:     It protects you from acid and corrosion.
 q - the ring "Qayculyu" {Fly rCorr Dex+4}
   (You took it off a deep elf demonologist on level 3 of the Elven Halls)

   [ring of flight]

   Dex:       It affects your dexterity (+4).
   Fly:       It grants you flight.
   rCorr:     It protects you from acid and corrosion.
 y - the ring of Law {rF+ rC+}
   (You found it on level 2 of the Depths)

   [ring of protection from cold]

   rF:        It protects you from fire.
   rC:        It protects you from cold.
 C - the ring "Isiyxanou" {rF- Will++ AC+4 Int+2 Slay+2}
   (You took it off a deep elf sorcerer on level 3 of the Elven Halls)

   [ring of protection]

   AC:        It affects your AC (+4).
   Int:       It affects your intelligence (+2).
   Slay:      It affects your accuracy & damage with ranged weapons and melee
   (+2).
   rF:        It makes you vulnerable to fire.
   Will:      It greatly increases your willpower.
 E - the ring "Cuwaps" {rC+ Will+++ MP+9 AC+4 Int-4}
   (You found it on level 2 of the Depths)

   [ring of protection]

   AC:        It affects your AC (+4).
   Int:       It affects your intelligence (-4).
   rC:        It protects you from cold.
   MP:        It affects your magic capacity (+9).
   Will:      It greatly increases your willpower.
 K - a ring of fire
 M - the ring "Jeoreur" {rF+ rN+ Str+6 Dex+3 SInv}
   (You took it off a deep elf high priest on level 3 of the Elven Halls)

   [ring of strength]

   Str:       It affects your strength (+6).
   Dex:       It affects your dexterity (+3).
   rF:        It protects you from fire.
   rN:        It protects you from negative energy.
   SInv:      It lets you see invisible.
 Q - the ring of Doec Ebi {Fire rElec rCorr Int-2 Dex+4}
   (You found it on level 2 of the Depths)

   [ring of fire]

   It enhances your fire magic.
   Int:       It affects your intelligence (-2).
   Dex:       It affects your dexterity (+4).
   rF:        It protects you from fire.
   rC:        It makes you vulnerable to cold.
   rElec:     It insulates you from electricity.
   rCorr:     It protects you from acid and corrosion.
 U - an amulet of regeneration
Wands
 P - a wand of digging (8)
Scrolls
 b - 5 scrolls of blinking
 d - 2 scrolls of magic mapping
 i - 14 scrolls of fog
 k - 11 scrolls of teleportation
 m - 12 scrolls of immolation
 u - 6 scrolls of fear
 v - 5 scrolls of amnesia
 D - 5 scrolls of silence
 H - 2 scrolls of holy word
 L - 5 scrolls of torment
 W - 3 scrolls of summoning
Potions
 f - 14 potions of heal wounds
 g - 9 potions of ambrosia
 h - 5 potions of invisibility
 l - 20 potions of curing
 o - 13 potions of mutation
 r - 5 potions of brilliance
 s - 2 potions of resistance
 x - 7 potions of flight
 z - 6 potions of magic
 A - 9 potions of haste
 B - 2 potions of cancellation
 F - 12 potions of attraction
 J - 11 potions of lignification
 T - a potion of berserk rage
 Z - 5 potions of might
Miscellaneous
 e - a phantom mirror
 j - a tin of tremorstones (2/2)
 w - a condenser vane
 O - a tin of tremorstones (2/2)
 V - a phial of floods
 X - a lightning rod (4/4)


   Skills:
 - Level 10.0 Fighting
 - Level 10.0 Dodging
 - Level 1.7 Stealth
 - Level 15.0 Shields
 + Level 17.5 Spellcasting
 - Level 22.0 Conjurations
 - Level 8.0 Transmutations
 - Level 22.0 Fire Magic
 - Level 10.0 Ice Magic
 - Level 14.0 Earth Magic
 - Level 10.0 Invocations


You had 11 spell levels left.
You knew the following spells:

 Your Spells              Type           Power      Damage    Failure   Level
a - Ignition              Fire           52%        3d15      1%          8
b - Blink                 Tloc           54%        N/A       1%          2
c - Fire Storm            Conj/Fire      52%        8d13      5%          9
d - Hailstorm             Conj/Ice       91%        3d18      0%          4
e - Irradiate             Conj/Tmut      44%        3d28      1%          5
f - Sticky Flame          Conj/Fire      100%       2d11      0%          4
g - Lehudib's Crystal Sp  Conj/Erth      48%        10d11     1%          8
h - Starburst             Conj/Fire      52%        6d14      0%          6

Your spell library contained the following spells:

 Spells                   Type           Power      Damage    Failure   Level
 Beastly Appendage        Tmut           100%       N/A       0%          1
 Foxfire                  Conj/Fire      100%       2x1d9     0%          1
 Freeze                   Ice            100%       1d11      0%          1
 Magic Dart               Conj           100%       1d8       0%          1
 Sandblast                Erth           100%       2d20      0%          1
 Shock                    Conj/Air       100%       1d9       0%          1
 Passwall                 Tmut/Erth      64%        N/A       0%          2
 Scorch                   Fire           100%       2d10      0%          2
 Searing Ray              Conj           100%       2d8       0%          2
 Static Discharge         Conj/Air       77%        N/A       0%          2
 Conjure Flame            Conj/Fire      100%       6-21      0%          3
 Dazzling Flash           Conj/Hex       100%       N/A       0%          3
 Inner Flame              Hex/Fire       77%        N/A       0%          3
 Stone Arrow              Conj/Erth      100%       3d13      0%          3
 Flame Wave               Conj/Fire      100%       2d17      0%          4
 Fireball                 Conj/Fire      52%        3d20      0%          5
 Iskenderun's Battlesphe  Conj           100%       2d15      0%          5
 Animate Skeleton         Necr           54%        N/A       1%          1
 Apportation              Tloc           54%        N/A       1%          1
 Slow                     Hex            100%       N/A       1%          1
 Sting                    Tmut/Pois      100%       1d8       1%          1
 Summon Small Mammal      Summ           100%       N/A       1%          1
 Corpse Rot               Necr/Air       54%        N/A       1%          2
 Ensorcelled Hibernation  Hex/Ice        100%       N/A       1%          2
 Poisonous Vapours        Pois/Air       54%        N/A       1%          2
 Sublimation of Blood     Necr           27%        N/A       1%          2
 Wereblood                Tmut           67%        N/A       1%          2
 Call Canine Familiar     Summ           27%        N/A       1%          3
 Confusing Touch          Hex            27%        N/A       1%          3
 Frozen Ramparts          Ice            100%       1d12      1%          3
 Ignite Poison            Fire/Tmut/Pois 74%        N/A       1%          3
 Lesser Beckoning         Tloc           27%        N/A       1%          3
 Mephitic Cloud           Conj/Pois/Air  65%        N/A       1%          3
 Ozocubu's Armour         Ice            74%        N/A       1%          3
 Portal Projectile        Hex/Tloc       54%        N/A       1%          3
 Spider Form              Tmut/Pois      52%        N/A       1%          3
 Summon Guardian Golem    Hex/Summ       27%        N/A       1%          3
 Swiftness                Air            27%        N/A       1%          3
 Tukima's Dance           Hex            27%        N/A       1%          3
 Vampiric Draining        Necr           27%        2d7       1%          3
 Fulminant Prism          Conj/Hex       38%        3d18      1%          4
 Ice Form                 Ice/Tmut       71%        N/A       1%          4
 Iskenderun's Mystic Bla  Conj/Tloc      77%        2d15      1%          4
 Leda's Liquefaction      Hex/Erth       32%        N/A       1%          4
 Petrify                  Tmut/Erth      77%        N/A       1%          4
 Summon Ice Beast         Ice/Summ       56%        N/A       1%          4
 Blade Hands              Tmut           33%        N/A       1%          5
 Borgnjor's Vile Clutch   Necr/Erth      32%        N/A       1%          5
 Freezing Cloud           Conj/Ice/Air   38%        6-21      1%          5
 Lee's Rapid Deconstruct  Erth           43%        3d22*     1%          5
 Lightning Bolt           Conj/Air       38%        1d57      1%          5
 Metabolic Englaciation   Hex/Ice        28%        N/A       1%          5
 Conjure Ball Lightning   Conj/Air       38%        3x3d12    1%          6
 Iron Shot                Conj/Erth      48%        9d9       1%          6
 Statue Form              Tmut/Erth      51%        N/A       1%          6
 Orb of Destruction       Conj           52%        9d13      1%          7
 Alistair's Intoxication  Tmut/Pois      34%        N/A       2%          5
 Yara's Violent Unravell  Hex/Tmut       26%        3d11      2%          5
 Airstrike                Air            13%        N/A       4%          4
 Anguish                  Hex/Necr       13%        N/A       4%          4
 Animate Dead             Necr           13%        N/A       4%          4
 Dispel Undead            Necr           27%        3d13      4%          4
 Olgreb's Toxic Radiance  Pois           27%        N/A       4%          4
 Summon Lightning Spire   Summ/Air       27%        N/A       4%          4
 Spellforged Servitor     Conj/Summ      38%        N/A       4%          7
 Ozocubu's Refrigeration  Ice            37%        4d12      6%          7
 Simulacrum               Ice/Necr       28%        N/A       9%          6
 Agony                    Necr           27%        N/A       13%         5
 Manifold Assault         Tloc           27%        N/A       13%         5
 Silence                  Hex/Air        13%        N/A       13%         5
 Summon Forest            Summ/Tloc      13%        N/A       13%         5
 Summon Mana Viper        Hex/Summ       27%        N/A       13%         5
 Eringya's Noxious Bog    Tmut/Pois      26%        N/A       13%         6
 Dragon Form              Tmut           33%        N/A       14%         7
 Death Channel            Necr           13%        N/A       56%         6
 Dispersal                Tloc           13%        N/A       56%         6
 Summon Cactus Giant      Summ           13%        N/A       56%         6
 Storm Form               Tmut/Air       26%        N/A       58%         7
 Shatter                  Erth           43%        3d33*     82%         9
 Enfeeble                 Hex            13%        N/A       98%         7
 Haunt                    Necr/Summ      13%        N/A       98%         7
 Malign Gateway           Summ/Tloc      13%        N/A       98%         7
 Summon Hydra             Summ           13%        N/A       98%         7
 Necromutation            Tmut/Necr      26%        N/A       99%         8
 Chain Lightning          Conj/Air       38%        3d51      99%         9
 Borgnjor's Revivificati  Necr           13%        N/A       100%        8
 Maxwell's Capacitive Co  Air            13%        ∞         100%        8
 Dragon's Call            Summ           13%        N/A       100%        9
 Polar Vortex             Ice            37%        N/A       100%        9
 Animate Armour           Summ/Erth      Unusable   N/A       N/A         4

Dungeon Overview and Level Annotations

Branches:
Dungeon (15/15)            Temple (0/1) D:5            Lair (6/6) D:11
  Swamp (4/4) Lair:4       Spider (4/4) Lair:2        Slime (0/5) Lair:6
    Orc (2/2) D:9             Elf (3/3) Orc:2        Vaults (5/5) D:14
  Crypt (0/3) Vaults:2     Depths (4/4) D:15            Zot (1/5) Depths:4
Ossuary (visited)          Bailey (visited)           IceCv (visited)

Altars:
Dithmenos
Elyvilon
Fedhas
Hepliaklqana
Kikubaaqudgha
Makhleb
Sif Muna
Trog
Vehumet
Wu Jian
Xom
Yredelemnul
The Shining One
Beogh
Jiyva
Lugonu

Shops:
D:4 (   D:6 !   D:9 [   Orc:1 *   Orc:2 *[?[   Elf:2 =   Vaults:2 :
Vaults:3 (   Depths:1 =:=

Portals:
Hell: Depths:1 Depths:2 Depths:3 Depths:4
Abyss: Lair:6 Depths:1 Depths:3 Depths:4
Pandemonium: Depths:2
Ziggurat: Depths:1

Annotations:
D:3 exclusion: orc wizard
D:4 2 exclusions
D:5 exclusion: white imp
D:6 3 runed translucent doors, lonewolfV2's ghost, novice MfGl; murtidash's ghost, weakling HODe; sirJeffrey23's ghost, novice HuGl; snaxamus's ghost, novice DsBe
Lair:2 exclusion: oklob plant
Spider:1 3 runed translucent doors, knot's ghost, adept DsBe
Elf:2 3 runed translucent doors, exclusion: 3 doors


Innate Abilities, Weirdness & Mutations

You can breathe blasts of scalding, opaque steam.
Your pale cyan-grey scales are hard. (AC +11)
You cannot fit into any form of body armour.
You are cold-blooded and may be slowed by cold attacks.
You are immune to the effects of steam.
You have sharp fingernails.
A frigid envelope surrounds you and freezes all who hurt you.
Your spells are a little easier to cast, but a little less powerful.


Message History

* * * LOW HITPOINT WARNING * * *
The golden dragon resists.
The golden dragon is very cold.
The golden dragon is severely wounded.
The golden dragon barely misses you.
Blink to where?
Press: ? - help, Dir - move target, p - golden dragon
As you read the scroll of blinking, it crumbles to dust.
Unknown command.
Casting: Lehudib's Crystal Spear (dangerous; 1% risk of failure)
Confirm with . or Enter, or press ? or * to list all spells.
Casting: Ignition (mildly dangerous; 1% risk of failure)
Press: ? - help, Dir - look around, f - activate The air bursts into flame!
The fireball engulfs the moth of wrath!!
The moth of wrath is almost dead.
The fireball engulfs the golden dragon.
The golden dragon resists.
The golden dragon is severely wounded.
The fireball engulfs the golden dragon but does no damage.
The golden dragon is severely wounded.
The fireball engulfs the moth of wrath!!
You kill the moth of wrath!
Sif Muna accepts your kill.
The golden dragon rages.
Casting: Ignition (mildly dangerous; 1% risk of failure)
Confirm with . or Enter, or press ? or * to list all spells.
Aiming: Lehudib's Crystal Spear (dangerous; 1% risk of failure)
Press: ? - help, Shift-Dir - straight line, f - golden dragon
Aim: a golden dragon (severely wounded, berserk, 89% to hit)
The crystal spear misses the golden dragon.
You feel less invigorated.
Unknown command.
Casting: Lehudib's Crystal Spear (dangerous; 1% risk of failure)
Confirm with . or Enter, or press ? or * to list all spells.
Aiming: Lehudib's Crystal Spear (dangerous; 1% risk of failure)
Press: ? - help, Shift-Dir - straight line, f/p - golden dragon
Aim: a golden dragon (heavily wounded, berserk, 89% to hit)
The crystal spear hits the golden dragon!!!
The golden dragon is almost dead.
The golden dragon bites you!!
You die...

... #......#
..(. #†.....#
....###......#
)............#
.............#
..........####
..........#
....###..D#
.... #..@#
####...# #...#
#......# #...#
#......# #...#
#......# #...#
#......#
#...###......#
#..[...†..#
#.....)...#
#.......∩.#


You could see a golden dragon (berserk).

Vanquished Creatures
  A dread lich (Vaults:5)
  An ancient lich (Vaults:5)
  Sojobo (Vaults:4)
  Bai Suzhen (Depths:1)
  the Lernaean hydra (Swamp:4)
  Margery (Depths:4)
  Frederick (Vaults:5)
  Saint Roka (Orc:2)
  A caustic shrike (Depths:3)
  Nikola (Swamp:2)
  Jory (Vaults:2)
  3 golden dragons (Depths:4)
  Arachne (Spider:3)
  A walking crystal tome (Depths:3)
  Mlioglotl (Swamp:2)
  10 tentacled monstrosities
  2 deep elf blademasters (Elf:3)
  3 titans
  A lich (Depths:4)
  A quicksilver dragon (Vaults:4)
  Asterion (Spider:3)
  2 deep elf master archers (Elf:3)
  Gastronok (D:8)
  A death cob (Zot:1)
  A thorn hunter (Swamp:3)
  5 sphinxes
  4 storm dragons
  2 shadow dragons (Vaults:5)
  A fenstrider witch (shapeshifter) (Depths:2)
  Agnes (Spider:3)
  4 tengu reavers (Vaults:5)
  7 deep elf sorcerers
  4 fire giants
  7 ghost moths
  2 orc warlords
  6 frost giants
  An iron dragon (Depths:3)
  10 emperor scorpions
  17 vault wardens
  Louise (Swamp:2)
  A draconian scorcher (Depths:4)
  3 deep elf elementalists (Elf:3)
  2 angels (Depths:1)
  A ghoul (Swamp:2)
  23 ironbound preservers
  A draconian stormcaller (Depths:4)
  A broodmother (Spider:1)
  A reaper (IceCv)
  4 ironbound thunderhulks
  7 stone giants
  42 very ugly things
  7 war gargoyles
  A vampire knight (Depths:1)
  9 deep elf demonologists
  Azrael (D:13)
  4 entropy weavers
  10 deep elf annihilators
  2 white draconians (Depths:4)
  16 dire elephants
  4 eleionomae
  An entropy weaver (shapeshifter) (Lair:6)
  2 bunyips (Swamp:3)
  3 red draconians
  A spark wasp (Lair:2)
  A yellow draconian (shapeshifter) (Depths:2)
  2 crystal guardians
  11 deep elf death magi
  2 jiangshi (Depths:1)
  10 ettins
  3 fire dragons
  Snorg (D:11)
  An ettin (shapeshifter) (Lair:6)
  A rakshasa (Depths:2)
  5 deep elf high priests
  13 yaktaur captains
  4 great orbs of eyes
  An ice dragon (Depths:3)
  Erolcha (Orc:2)
  11 boulder beetles
  30 vault guards
  26 hydras
  2 peacekeepers
  3 ironbound frosthearts
  7 ogre magi
  The ghost of awesomeguy42 the Black Sun, a journeyman HuNe of Kikubaaqudgha (D:10)
  A catoblepas (Lair:3)
  17 centaur warriors
  A radroach (Spider:4)
  26 two-headed ogres
  Erica (D:9)
  2 spriggan air magi
  3 death knights
  4 ghost crabs
  6 alligators
  3 deep troll shamans
  2 tengu warriors
  34 dancing weapons
  A vampire mage (Depths:1)
  3 deep troll earth magi
  Urug (D:11)
  4 thrashing horrors (Lair:6)
  14 deep elf knights
  9 hell knights
  Sonja (Lair:3)
  A spriggan berserker (Depths:3)
  4 iron trolls
  2 shadow wraiths
  An iron troll (shapeshifter) (Vaults:5)
  A golden dragon zombie (D:15)
  3 skeletal warriors
  8 pharaoh ants
  4 flayed ghosts
  A death drake (shapeshifter) (Depths:2)
  10 orb spiders
  4 spriggan druids
  5 glowing orange brains
  12 swamp dragons
  11 steelbarb worms
  An orange crystal statue (Depths:2)
  86 deep trolls
  17 bog bodies
  7 wizards
  7 orc knights
  2 necromancers
  3 obsidian statues (Depths:2)
  Pikel (D:8)
  5 lindwurms
  26 deep elf pyromancers
  17 deep elf archers
  27 deep elf zephyrmancers
  7 phantasmal warriors
  A harpy (shapeshifter) (Depths:2)
  13 ironbound convokers
  A shadow dragon zombie (D:15)
  The ghost of Gentlefood the Firebug, a novice DrFE (D:8)
  2 manticores
  6 harpies
  A frost giant zombie (D:15)
  6 cyclopes
  2 shining eyes (shapeshifter) (Depths:2)
  A will-o-the-wisp (Swamp:4)
  21 wolf spiders
  2 orc sorcerers
  55 ugly things
  A manticore (shapeshifter) (Depths:2)
  5 elephants
  2 moths of wrath (shapeshifter)
  21 vault sentinels
  7 moths of wrath
  7 black mambas
  A molten gargoyle (Depths:2)
  A gargoyle (D:10)
  2 ice statues (IceCv)
  2 torpor snails
  9 cane toads
  An unseen horror (D:11)
  An unseen horror (shapeshifter) (D:10)
  7 komodo dragons
  33 yaktaurs
  A yaktaur (shapeshifter) (Lair:6)
  A rime drake (Lair:2)
  2 demonic crawlers
  6 freezing wraiths
  6 ice devils (IceCv)
  2 ancient zymes (Lair:6)
  2 tengu conjurers
  An entropy weaver simulacrum (IceCv)
  16 meliai
  4 trolls
  A wind drake (shapeshifter) (Depths:2)
  2 bloated husks (Swamp:2)
  27 tarantellas
  A wind drake (Depths:2)
  2 tarantellas (shapeshifter) (Elf:1)
  A spriggan zombie (D:15)
  5 dream sheep (Lair:5)
  A dream sheep (shapeshifter) (D:13)
  A slime creature (shapeshifter) (Depths:2)
  2 polar bears (Lair:2)
  10 hornets
  24 slime creatures
  9 tyrant leeches
  12 blink frogs
  3 raiju (Depths:2)
  A meliai zombie (D:11)
  Sigmund (D:6)
  39 jumping spiders
  A centaur simulacrum (D:15)
  2 ynoxinuls (Lair:6)
  27 culicivoras
  7 air elementals
  2 wraiths
  43 yaks
  16 spriggans
  A vampire (D:12)
  9 humans (D:14)
  7 basilisks
  2 hogs (shapeshifter)
  6 water elementals
  6 wyverns
  A yak (shapeshifter) (Depths:2)
  A basilisk (shapeshifter) (Lair:6)
  A chaos spawn (Lair:6)
  3 death yak simulacra (IceCv)
  A dire elephant simulacrum (IceCv)
  16 fire elementals
  65 redbacks
  A redback (shapeshifter) (D:13)
  16 vampire mosquitoes
  4 wargs
  22 swamp worms
  17 water moccasins
  An acid dragon (D:14)
  A water moccasin (shapeshifter) (Depths:2)
  2 hell hounds (D:13)
  A floating eye (shapeshifter) (Depths:2)
  An ice beast (D:7)
  A sky beast (D:8)
  22 orc warriors
  A swamp drake (shapeshifter) (Lair:6)
  10 swamp drakes
  A necrophage (Swamp:2)
  2 black bears
  26 ogres
  13 wolves
  10 centaurs
  2 phantoms (D:5)
  Blork the orc (D:4)
  7 kobold brigands
  12 bullfrogs
  10 earth elementals
  3 two-headed ogre simulacra (IceCv)
  3 gnoll sergeants
  2 scorpions
  5 water moccasin zombies (Ossuary)
  A cane toad simulacrum (IceCv)
  A water moccasin skeleton (D:5)
  A killer bee (shapeshifter) (Depths:2)
  7 wights
  6 electric eels
  3 howler monkeys
  A crimson imp (D:5)
  A bullfrog zombie (D:6)
  2 jellies (D:10)
  4 centaur zombies
  5 orc priests
  2 hounds (D:6)
  2 gnoll shamans
  2 bullfrog skeletons (D:5)
  A centaur skeleton (D:6)
  2 iguanas (D:4)
  Natasha (thrice) (D:4)
  21 orc wizards
  2 spriggan simulacra (IceCv)
  2 wolf simulacra (IceCv)
  A polar bear simulacrum (IceCv)
  14 small abominations (Lair:6)
  3 mummies
  A howler monkey zombie (D:7)
  19 gnolls
  10 adders
  3 naga simulacra (IceCv)
  10 river rats (D:6)
  A shadow imp (D:7)
  3 white imps
  4 ufetubi
  2 adder zombies (Ossuary)
  An adder skeleton (D:4)
  2 worms (D:2)
  49 orcs
  7 ball pythons
  9 bats
  8 endoplasms
  2 giant cockroaches
  3 gnoll zombies (Ossuary)
  11 goblins
  11 hobgoblins
  6 jackals
  11 quokkas
  5 frilled lizards
  6 hobgoblin zombies
  36 kobolds
  3 kobold zombies (Ossuary)
  6 orc zombies
  20 rats
  A spectral orc (D:12)
  2 ball lightnings (Depths:2)
  14 briar patches (Swamp:3)
1963 creatures vanquished.

Vanquished Creatures (others)
  A very ugly thing (Depths:2)
  A tengu conjurer (Depths:2)
  A bloated husk (Swamp:4)
  A meliai (shapeshifter) (Depths:2)
  2 air elementals (Depths:2)
  4 water elementals (Depths:2)
  A human (D:14)
  A redback (Spider:4)
  A swamp worm (Swamp:2)
  11 ball lightnings (Depths:2)
  A bush (Swamp:4)
  6 fire vortices (Depths:4)
  11 foxfires (Swamp:4)
  44 fungi
  98 plants
  5 withered plants (D:15)
189 creatures vanquished.

Grand Total: 2152 creatures vanquished

Notes
Turn   | Place    | Note
-------+----------+-------------------------------------------
     0 | D:1      | sasquatch the Draconian Ice Elementalist began the quest
                  | for the Orb.
     0 | D:1      | Reached XP level 1. HP: 14/14 MP: 3/3
   198 | D:1      | Reached XP level 2. HP: 20/20 MP: 0/5
   822 | D:1      | Reached XP level 3. HP: 14/26 MP: 4/6
   826 | D:1      | Learned a level 3 spell: Frozen Ramparts
  1065 | D:1      | Found Nomug's Antique Armour Shoppe.
  1243 | D:2      | Reached skill level 5 in Ice Magic
  1336 | D:2      | Learned a level 3 spell: Ozocubu's Armour
  1501 | D:2      | Reached XP level 4. HP: 32/33 MP: 5/8
  3470 | D:4      | Reached XP level 5. HP: 38/38 MP: 5/9
  3659 | D:4      | Noticed a centaur
  3674 | D:4      | Killed a centaur
  3675 | D:4      | Reached XP level 6. HP: 19/45 MP: 2/11
  3680 | D:4      | Learned a level 4 spell: Hailstorm
  4068 | D:4      | Noticed Blork the orc
  4077 | D:4      | Killed Blork the orc
  4078 | D:4      | Reached skill level 1 in Conjurations
  4213 | D:4      | Found Qokhez's Antique Weapon Boutique.
  4213 | D:4      | Noticed Natasha
  4220 | D:5      | Entered Level 5 of the Dungeon
  4528 | D:4      | Found a basalt altar of Yredelemnul.
  4532 | D:4      | Found a shimmering blue altar of Sif Muna.
  4535 | D:4      | Found a white marble altar of Elyvilon.
  4542 | D:4      | Became a worshipper of Sif Muna the Loreminder
  4765 | D:4      | Killed Natasha
  4766 | D:4      | Your scales start taking on a pale cyan-grey colour.
  4766 | D:4      | Reached XP level 7. HP: 40/50 MP: 1/13
  4766 | D:4      | Gained mutation: You are immune to the effects of steam.
                  | [Pale Draconian growth]
  5166 | D:4      | Noticed Natasha
  5168 | D:4      | Killed Natasha
  5227 | D:4      | Noticed Natasha
  5234 | D:4      | Killed Natasha
  5436 | D:5      | Found a staircase to the Ecumenical Temple.
  5678 | D:5      | Reached XP level 8. HP: 57/57 MP: 9/15
  5838 | D:5      | Found a radiant altar of Vehumet.
  5839 | D:5      | Found a burning altar of Makhleb.
  5843 | D:5      | Reached * piety under Sif Muna
  6219 | D:6      | Found an ornate altar of the Wu Jian Council.
  6232 | D:6      | Identified the +1 robe "Sasippe" {-Tele Str+4 Int+3 SInv}
  6363 | D:6      | Found a sand-covered staircase.
  6368 | Ossuary  | Entered an ossuary
  6415 | Ossuary  | Reached skill level 5 in Spellcasting
  6415 | Ossuary  | Reached skill level 5 in Conjurations
  6942 | D:6      | Reached ** piety under Sif Muna
  7258 | D:6      | Found Ivvoap's Distillery.
  7265 | D:6      | Bought a potion of haste for 100 gold pieces
  7404 | D:6      | Noticed Sigmund
  7409 | D:6      | Killed Sigmund
  7410 | D:6      | Reached XP level 9. HP: 62/62 MP: 8/16
  7750 | D:6      | Reached *** piety under Sif Muna
  7874 | D:6      | Found a runed translucent gate.
  7881 | D:6      | Learned a level 5 spell: Irradiate
  7881 | D:6      | Found a runed translucent gate.
  7881 | D:6      | Found a runed translucent gate.
  7882 | D:6      | Noticed snaxamus's ghost (novice DsBe)
  7882 | D:6      | Noticed murtidash's ghost (weakling HODe)
  7883 | D:6      | Noticed sirJeffrey23's ghost (novice HuGl)
  7884 | D:6      | Noticed lonewolfV2's ghost (novice MfGl)
  9104 | D:8      | Noticed a centaur warrior
  9104 | D:8      | Noticed Pikel
  9107 | D:8      | Reached skill level 10 in Ice Magic
  9107 | D:8      | Killed Pikel
  9376 | D:8      | Found an ancient bone altar of Kikubaaqudgha.
  9641 | D:8      | Reached skill level 1 in Transmutations
  9644 | D:8      | Killed a centaur warrior
  9645 | D:8      | Reached XP level 10. HP: 52/69 MP: 1/17
 10143 | D:8      | Reached skill level 10 in Conjurations
 10160 | D:8      | Found a shadowy altar of Dithmenos.
 10361 | D:8      | Found a runed translucent door.
 10362 | D:8      | Noticed Gentlefood's ghost (novice DrFE)
 10362 | D:8      | Noticed a centaur warrior
 10369 | D:8      | Noticed Gastronok
 10892 | D:8      | Killed Gastronok
 10893 | D:8      | Reached skill level 5 in Transmutations
 11231 | D:8      | Killed a centaur warrior
 11233 | D:8      | Killed Gentlefood's ghost
 11392 | D:9      | Identified the +1 robe of the Fife {rPois Int+3}
 11401 | D:9      | Found a flagged portal.
 11422 | Bailey   | Entered a bailey
 11428 | Bailey   | Noticed an orc knight
 11557 | Bailey   | Reached **** piety under Sif Muna
 11685 | Bailey   | Reached skill level 1 in Invocations
 11685 | Bailey   | Killed an orc knight
 11686 | Bailey   | Reached XP level 11. HP: 51/74 MP: 2/22
 12186 | D:9      | Noticed Erica
 12195 | D:9      | Killed Erica
 12685 | D:9      | Found a staircase to the Orcish Mines.
 12811 | D:9      | Found Reuniph's Armour Emporium.
 13180 | D:10     | Entered Level 10 of the Dungeon
 13236 | D:10     | Found a glowing golden altar of the Shining One.
 13237 | D:10     | Found a glowing golden altar of the Shining One.
 13251 | D:10     | Found a shadowy altar of Dithmenos.
 13252 | D:10     | Found a hazy altar of Hepliaklqana.
 13385 | D:10     | Noticed a seven-headed hydra
 13407 | D:10     | Killed a seven-headed hydra
 13530 | D:10     | Noticed a boulder beetle
 13548 | D:10     | Killed a boulder beetle
 13639 | D:10     | Noticed a four-headed hydra
 13643 | D:10     | Killed a four-headed hydra
 13686 | D:10     | Found the +6 shillelagh "Devastator" {shatter}
 13690 | D:10     | Identified the +11 rapier of Lubec {drain, rElec rPois
                  | rCorr Int+8}
 13720 | D:10     | Noticed a boulder beetle
 13776 | D:10     | Killed a boulder beetle
 13903 | D:10     | Reached ***** piety under Sif Muna
 14091 | D:10     | Found a runed translucent gate.
 14091 | D:10     | Found a runed translucent gate.
 14091 | D:10     | Found a runed translucent gate.
 14092 | D:10     | Found a viscous altar of Jiyva.
 14092 | D:10     | Noticed awesomeguy42's ghost (journeyman HuNe)
 14139 | D:10     | Reached skill level 5 in Invocations
 14528 | D:10     | Reached XP level 12. HP: 82/82 MP: 13/24
 14693 | D:10     | Noticed a centaur warrior
 14704 | D:10     | Killed a centaur warrior
 14705 | D:10     | Reached skill level 1 in Fighting
 15117 | D:10     | Killed awesomeguy42's ghost
 15117 | D:10     | Received a gift from Sif Muna
 15233 | D:10     | Got Sif Muna's Volume of the Mutagenic Mountains {god gift}
 15293 | D:11     | Noticed Snorg
 15658 | D:11     | Found a staircase to the Lair.
 16371 | D:11     | Killed Snorg
 16480 | Lair:1   | Entered Level 1 of the Lair of Beasts
 17497 | Lair:2   | Found a hole to the Spider Nest.
 17664 | Lair:2   | Reached skill level 5 in Fighting
 17847 | Lair:2   | Reached skill level 5 in Dodging
 18020 | Lair:2   | Noticed an eight-headed hydra
 18035 | Lair:2   | Killed an eight-headed hydra
 18505 | Lair:2   | Noticed a four-headed hydra
 18522 | Lair:2   | Killed a four-headed hydra
 18932 | Lair:2   | Found a blossoming altar of Fedhas.
 19173 | Lair:3   | Noticed Sonja
 19180 | Lair:2   | Reached XP level 13. HP: 104/105 MP: 1/25
 19361 | Lair:3   | Found a frozen archway.
 19371 | IceCv    | Entered an ice cave
 19408 | IceCv    | Learned a level 4 spell: Sticky Flame
 20724 | IceCv    | Noticed a reaper
 20728 | IceCv    | Killed a reaper
 21305 | Lair:3   | Reached skill level 1 in Earth Magic
 21359 | Lair:2   | Learned a level 8 spell: Lehudib's Crystal Spear
 21446 | Lair:3   | Killed Sonja
 22028 | Lair:3   | Received a gift from Sif Muna
 22054 | Lair:3   | Got Sif Muna's Guide on Creative Attacks {god gift}
 23202 | Lair:4   | Reached skill level 5 in Earth Magic
 23707 | Lair:4   | Found a staircase to the Swamp.
 25229 | Lair:5   | Reached XP level 14. HP: 109/115 MP: 7/26
 25554 | Lair:6   | Entered Level 6 of the Lair of Beasts
 25581 | Lair:6   | Identified a scroll of acquirement
 25581 | Lair:6   | Acquired a staff of cold
 25655 | Lair:6   | Found a staircase to the Slime Pits.
 27257 | Lair:6   | Received a gift from Sif Muna
 27382 | Lair:6   | Got Bymoick's Disquisition on Moulding {god gift}
 27963 | Lair:6   | Reached skill level 1 in Shields
 28299 | Lair:6   | Found a corrupted altar of Lugonu.
 28299 | Lair:6   | Found a one-way gate to the infinite horrors of the Abyss.
 28681 | Orc:1    | Entered Level 1 of the Orcish Mines
 28739 | Orc:1    | Found Isomp's General Store.
 28827 | Orc:1    | Bought a scroll of teleportation for 42 gold pieces
 29209 | Orc:2    | Entered Level 2 of the Orcish Mines
 29215 | Orc:2    | Noticed Erolcha
 29220 | Orc:2    | Killed Erolcha
 29313 | Orc:2    | Found a staircase to the Elven Halls.
 29634 | Orc:2    | Found Imiraet's Assorted Antiques.
 29938 | Orc:2    | Noticed Saint Roka
 29958 | Orc:2    | Killed Saint Roka
 30242 | Orc:2    | Upgraded the game from 0.28-a0-1638-g9123634e07 to
                  | 0.29-a0-2-g12fcac58f8
 30296 | Orc:2    | Reached skill level 15 in Conjurations
 30551 | Orc:2    | Paralysed by something for 4 turns
 30807 | Orc:2    | Paralysed by something for 6 turns
 31034 | Orc:2    | Reached skill level 10 in Earth Magic
 31117 | Orc:2    | Reached XP level 15. HP: 121/121 MP: 0/27
 31282 | Orc:2    | Found Qimyzal's Antique Armour Boutique.
 31282 | Orc:2    | Found Giuwibaf's Antique Armour Shoppe.
 31283 | Orc:2    | Found Mereemp's Magic Scroll Shoppe.
 31283 | Orc:2    | Found Qokeacz Huyt's General Store.
 31504 | Orc:2    | Bought the +2 shield of Resistance {rF++ rC++ Will++} for
                  | 1752 gold pieces
 31504 | Orc:2    | Found the +2 shield of Resistance {rF++ rC++ Will++}
 31810 | Spider:1 | Entered Level 1 of the Spider Nest
 32174 | Spider:1 | Reached skill level 5 in Shields
 33180 | Spider:1 | Received a gift from Sif Muna
 33181 | Spider:1 | Got Sif Muna's Volume of Conjuration {god gift}
 33459 | Spider:1 | Reached skill level 1 in Fire Magic
 33569 | Spider:1 | Found a runed translucent gate.
 33570 | Spider:1 | Found a runed translucent gate.
 33570 | Spider:1 | Found a runed translucent gate.
 33573 | Spider:1 | Noticed knot's ghost (adept DsBe)
 34481 | Spider:2 | Noticed an emperor scorpion
 34496 | Spider:2 | Killed an emperor scorpion
 36295 | Spider:2 | HP: 3/121 [something (6)]
 36527 | Swamp:1  | Entered Level 1 of the Swamp
 36823 | Swamp:1  | Reached skill level 5 in Fire Magic
 37282 | Swamp:1  | Received a gift from Sif Muna
 37783 | Swamp:1  | Reached XP level 16. HP: 120/128 MP: 18/29
 37941 | Swamp:2  | Noticed Nikola
 37950 | Swamp:2  | Killed Nikola
 38084 | Swamp:2  | Noticed Louise
 38094 | Swamp:2  | Killed Louise
 39163 | Swamp:2  | Noticed Mlioglotl
 39341 | Swamp:2  | Killed Mlioglotl
 39342 | Swamp:2  | Reached skill level 10 in Spellcasting
 40398 | Swamp:3  | Reached skill level 10 in Shields
 40713 | Swamp:3  | Noticed a tentacled monstrosity
 40751 | Swamp:3  | Killed a tentacled monstrosity
 41701 | Orc:2    | Bought the +3 crown of Dyrovepreva {rElec Int+2 SInv} for
                  | 952 gold pieces
 41701 | Orc:2    | Found the +3 crown of Dyrovepreva {rElec Int+2 SInv}
 42114 | Swamp:3  | Noticed a thorn hunter
 42124 | Swamp:3  | Killed a thorn hunter
 42169 | Swamp:3  | Learned a level 6 spell: Starburst
 42283 | Swamp:4  | Entered Level 4 of the Swamp
 42417 | Swamp:4  | Reached skill level 10 in Fire Magic
 42661 | Swamp:4  | Got Ubemuash's Spellweaving, Part Six
 43142 | Swamp:4  | Noticed the 27-headed Lernaean hydra
 44214 | Swamp:4  | Noticed a tentacled monstrosity
 44256 | Swamp:4  | Killed a tentacled monstrosity
 44464 | Swamp:4  | Reached XP level 17. HP: 134/134 MP: 22/31
 44748 | Swamp:4  | Killed the 27-headed Lernaean hydra
 45130 | Swamp:4  | Got a decaying rune of Zot
 45400 | Spider:2 | Received a gift from Sif Muna
 45520 | Spider:1 | Learned a level 8 spell: Ignition
 46935 | Spider:3 | Noticed Agnes
 46939 | Spider:3 | Killed Agnes
 47182 | Spider:3 | Noticed Asterion
 47197 | Spider:3 | Killed Asterion
 47561 | Spider:3 | Reached skill level 15 in Fire Magic
 48442 | Spider:3 | Noticed Arachne
 48457 | Spider:3 | Killed Arachne
 48868 | Spider:3 | Received a gift from Sif Muna
 49270 | Spider:4 | Entered Level 4 of the Spider Nest
 50519 | Spider:4 | Reached skill level 10 in Invocations
 51747 | Spider:4 | Reached XP level 18. HP: 140/141 MP: 10/32
 51973 | Spider:4 | Identified the +1 hat of Tempters {Harm *Corrode +Blink
                  | rF+}
 52004 | Spider:4 | Got a gossamer rune of Zot
 52396 | Orc:2    | Bought a pair of embroidered gloves for 172 gold pieces
 52408 | Orc:2    | Bought a pair of glowing gloves for 202 gold pieces
 52420 | Orc:2    | Bought a scroll of teleportation for 48 gold pieces
 52420 | Orc:2    | Bought a scroll of teleportation for 48 gold pieces
 52420 | Orc:2    | Bought a scroll of teleportation for 48 gold pieces
 52577 | D:12     | Noticed Urug
 52583 | D:11     | Killed Urug
 52731 | D:12     | Received a gift from Sif Muna
 53183 | D:12     | Found a basalt altar of Yredelemnul.
 53597 | D:13     | Noticed Azrael
 53601 | D:13     | Killed Azrael
 54595 | D:13     | Identified the +6 quarterstaff of Laphun {vorpal, rElec}
 54688 | D:13     | Found the +7 great mace "Undeadhunter" {disrupt, rN+}
 54874 | D:13     | Got the Disquisition on Sinister Contamination
 55370 | D:14     | Found a gate to the Vaults.
 55372 | D:14     | Received a gift from Sif Muna
 55375 | D:14     | Got Sif Muna's Grimoire of Scorching Unholy Secrets {god
                  | gift}
 55522 | D:14     | Gained mutation: You are frail. (-10% HP) [mutagenic glow]
 55845 | D:14     | Found a shimmering altar of Xom.
 55989 | D:15     | Entered Level 15 of the Dungeon
 56699 | D:15     | Found a staircase to the Depths.
 57168 | D:15     | Found a bloodstained altar of Trog.
 57409 | Vaults:1 | Entered Level 1 of the Vaults
 58053 | Vaults:1 | Reached XP level 19. HP: 132/132 MP: 27/37
 58390 | Vaults:1 | Received a gift from Sif Muna
 58448 | Vaults:1 | Learned a level 2 spell: Blink
 59206 | Vaults:1 | Lost mutation: You are frail. (-10% HP) [potion of
                  | mutation]
 59206 | Vaults:1 | Gained mutation: Your mind is acute. (Int +2) [potion of
                  | mutation]
 59206 | Vaults:1 | Gained mutation: You are occasionally teleported next to
                  | monsters. [potion of mutation]
 59206 | Vaults:1 | Gained mutation: A frigid envelope surrounds you and
                  | freezes all who hurt you. [potion of mutation]
 59207 | Vaults:1 | Lost mutation: Your mind is acute. (Int +2) [potion of
                  | mutation]
 59207 | Vaults:1 | Lost mutation: You are occasionally teleported next to
                  | monsters. [potion of mutation]
 59207 | Vaults:1 | Gained mutation: Your spells are a little easier to cast,
                  | but a little less powerful. [potion of mutation]
 59207 | Vaults:1 | Gained mutation: You have sharp fingernails. [potion of
                  | mutation]
 60334 | Vaults:2 | Found a staircase to the Crypt.
 60609 | Vaults:2 | Received a gift from Sif Muna
 60610 | Vaults:2 | Got Sif Muna's Compendium of the Compass {god gift}
 61233 | Vaults:2 | Noticed Jory
 61239 | Vaults:2 | Killed Jory
 61844 | Vaults:2 | Received a gift from Sif Muna
 61846 | Vaults:2 | Got Sif Muna's Catalogue of Feathers and Conjuration {god
                  | gift}
 62133 | Vaults:2 | Found the +8 glaive of the Guard {elec, spectral, AC+5}
 62338 | Vaults:2 | Found Huwewno's Book Boutique.
 62411 | Vaults:3 | Reached XP level 20. HP: 130/155 MP: 26/38
 62896 | Vaults:3 | Found Bomoun's Antique Weapon Shop.
 62907 | Vaults:3 | Reached skill level 15 in Shields
 64623 | Vaults:4 | Received a gift from Sif Muna
 64624 | Vaults:4 | Got Sif Muna's Catalogue of Confrontation and Stones {god
                  | gift}
 65139 | Vaults:4 | Reached skill level 15 in Spellcasting
 66238 | Vaults:5 | Entered Level 5 of the Vaults
 66240 | Vaults:5 | Reached XP level 21. HP: 154/161 MP: 36/40
 66570 | Vaults:4 | Learned a level 9 spell: Fire Storm
 66572 | Vaults:5 | Noticed Sojobo
 66576 | Vaults:5 | Noticed Frederick
 66581 | Vaults:5 | Killed Frederick
 66593 | Vaults:5 | Received a gift from Sif Muna
 66987 | Vaults:5 | Got Sif Muna's Incunabulum of Earthen Conjuration {god
                  | gift}
 67553 | Vaults:5 | Paralysed by an air elemental for 1 turns
 67555 | Vaults:5 | Paralysed by an air elemental for 1 turns
 67562 | Vaults:4 | Killed Sojobo
 67996 | Vaults:5 | Noticed a dread lich
 68306 | Vaults:5 | Killed a dread lich
 68681 | Vaults:5 | Noticed an ancient lich
 68690 | Vaults:5 | Killed an ancient lich
 68888 | Vaults:5 | Identified the +0 falchion of Jukhluic {flame, Dex+4}
 69087 | Vaults:5 | Got a silver rune of Zot
 69349 | Vaults:5 | Identified the +3 long sword "Juup" {elec, rElec rF+ Int+6}
 69447 | Vaults:5 | Identified the +4 hand crossbow of Context {vorpal, rN+}
 69584 | Vaults:5 | Identified the +5 plate armour "Noal" {Harm}
 69608 | Vaults:5 | Reached XP level 22. HP: 168/168 MP: 30/42
 69862 | Vaults:5 | Identified the +4 war axe of the Magi {elec, rElec}
 69885 | Vaults:5 | Upgraded the game from 0.29-a0-2-g12fcac58f8 to
                  | 0.29-a0-22-gbf593b16ee
 70486 | Depths:1 | Entered Level 1 of the Depths
 70488 | Depths:1 | Found a one-way gateway to a ziggurat.
 70733 | Depths:1 | Identified the +3 helmet of Uskayaw's Approval {rF+ Str+2}
 71179 | Depths:1 | Found Gonih's Jewellery Shop.
 71180 | Depths:1 | Found Ygefaps's Book Shoppe.
 71216 | Depths:1 | Found Xazolid's Jewellery Shop.
 71243 | Depths:1 | Noticed Bai Suzhen
 71283 | Depths:1 | Found a gateway to Hell.
 71290 | Depths:1 | Received a gift from Sif Muna
 71789 | Depths:1 | Killed Bai Suzhen
 72114 | Elf:1    | Entered Level 1 of the Elven Halls
 72711 | Elf:1    | Received a gift from Sif Muna
 73181 | Elf:1    | Identified the +3 scimitar "Yleutame" {vorpal, MP+9 Dex+3
                  | Stlth+}
 74527 | Elf:2    | Found Uthrops's Jewellery Shoppe.
 74616 | Elf:2    | Found a runed translucent gate.
 74617 | Elf:2    | Found a runed translucent gate.
 74617 | Elf:2    | Found a runed translucent gate.
 74761 | Elf:3    | Entered Level 3 of the Elven Halls
 75032 | Elf:3    | Identified the +1 leather armour of Parlour Games {rPois
                  | rC- Will+++ Str+4}
 75035 | Elf:3    | Identified the ring "Jeoreur" {rF+ rN+ Str+6 Dex+3 SInv}
 75259 | Elf:3    | Received a gift from Sif Muna
 75528 | Elf:3    | Identified the ring "Isiyxanou" {rF- Will++ AC+4 Int+2
                  | Slay+2}
 75531 | Elf:3    | Identified the ring "Qayculyu" {Fly rCorr Dex+4}
 75853 | Elf:3    | Reached XP level 23. HP: 174/174 MP: 30/43
 76399 | Elf:3    | Found the +6 lightning scales {swift, rElec}
 76408 | Elf:3    | Got the Handbook of Dislocation and Darkness
 77291 | Elf:3    | Identified the -1 pair of boots "Peij" {Int+6}
 77651 | Depths:2 | Received a gift from Sif Muna
 77923 | Depths:2 | You are sucked into a shaft and drop 1 floor!
 78218 | Depths:3 | Noticed a caustic shrike
 78224 | Depths:3 | Killed a caustic shrike
 78385 | Depths:3 | Found a corrupted altar of Lugonu.
 79532 | Depths:2 | Identified the ring "Toebrieh" {*Corrode rN+ EV+4 Dex-5
                  | Slay+5}
 79584 | Depths:2 | Reached ****** piety under Sif Muna
 79584 | Depths:2 | Received a gift from Sif Muna
 79585 | Depths:2 | Got Sif Muna's Tome of the Supportive Rocks {god gift}
 79884 | Depths:2 | Noticed a caustic shrike
 79884 | Depths:2 | a titan changed into a caustic shrike
 79890 | Depths:2 | a caustic shrike changed into a radroach
 79960 | Depths:2 | Reached skill level 10 in Fighting
 80618 | Depths:2 | Reached skill level 10 in Dodging
 80849 | Depths:2 | Identified the ring "Cuwaps" {rC+ Will+++ MP+9 AC+4 Int-4}
 80855 | Depths:2 | Identified the +5 scale mail of Ennawk {+Inv Int-3 Dex+6
                  | Stlth+}
 80861 | Depths:2 | Identified the ring "Saxu" {+Blink rCorr Int+6}
 81016 | Depths:2 | Found a one-way gate leading to the halls of Pandemonium.
 81030 | Depths:2 | Identified the ring of Law {rF+ rC+}
 81030 | Depths:2 | Identified the ring of Doec Ebi {Fire rElec rCorr Int-2
                  | Dex+4}
 81503 | Depths:4 | Entered Level 4 of the Depths
 81638 | Depths:4 | Noticed Margery
 81646 | Depths:4 | Killed Margery
 82174 | Depths:4 | Received a gift from Sif Muna
 82208 | Depths:4 | Got Myucae's Handbook of Supportive Conjuration {god gift}
 82732 | Depths:4 | Found a gate to the Realm of Zot.
 82934 | Zot:1    | Entered Level 1 of the Realm of Zot
 83048 | Zot:1    | Slain by a golden dragon

Illustrated notes

Levels and vault maps discovered:
D:1:      lightli_arrival_noodles, layout_rooms, serial_shops,
          nicolae_shop_stone
D:2:      layout_basic
D:3:      layout_basic, lemuel_old_faithful
D:4:      layout_loops_ring, grunt_temple_overflow_diamond, serial_shops, shop,
          serial_bayou_pond_e, uniq_blork_the_orc, uniq_natasha
D:5:      lemuel_ice_spiral_2, layout_basic,
          grunt_temple_overflow_lords_of_destruction, minmay_temple_entry_trees
D:6:      lemuel_ratsnest, layout_loops_ring, lemuel_tele_altar,
          gammafunk_ghost_cemetery, serial_shops, shop,
          nicolae_ossuary_entry_giza, uniq_sigmund
D:7:      layout_loops_corners, nicolae_grassy_gnolls
D:8:      layout_basic, mainiacjoe_overflow_alcove_1,
          mainiacjoe_overflow_brackets, ebering_ghost_inner_flame,
          grunt_potential, uniq_pikel, uniq_gastronok
D:9:      layout_roguey, orc_david_3, enter_bailey_2, minmay_unpleasant_kobolds,
          uniq_erica
D:10:     minmay_the_grid_octo_triangle [minmay_the_grid_octo_fan_narrow,
          minmay_the_grid_octo_prize_square_snowflake,
          minmay_the_grid_octo_shrine], layout_irregular_city,
          gammafunk_ghost_ooze
D:11:     layout_gridville, erik_lair_orcish_takeover, uniq_snorg
D:12:     layout_roguey, yredelemnul_forgotten_temple_becter, uniq_urug
D:13:     minmay_tearing_corner, layout_basic, patterned_corridor, uniq_azrael
D:14:     layout_small_grid, ximxim_vaults_locker_room, xom_teletrap_fun,
          kennysheep_generic_room_16
D:15:     gammafunk_depths_entry_grave, layout_irregular_city,
          kennysheep_flooded_box
Lair:1:   layout_loops_ring, serial_bayou_shore_b
Lair:2:   layout_gridlike, spider_nest_entry_a, tgw_fedhas
Lair:3:   layout_long_grid, portal_ice_cave_entry_ice_simulacra,
          chequers_serial_rivers_micro_e, serial_bayou_lake_a, uniq_sonja
Lair:4:   layout_layer_cave, palyth_hydra_swamp_entry, grunt_megastairs_5,
          serial_bayou_shore_a
Lair:5:   layout_hall_layers, infiniplex_staircase_pool_2
Lair:6:   hellmonk_lair_end_abyssal_woods, layout_gridlike,
          minmay_slime_entry_oklob_enclosed, lemuel_fruit_tree,
          lemuel_fruit_fields, serial_bayou_shore_b
Swamp:1:  layout_falls_marsh, evilmike_swamp_ruin_rubble_2, swamp_pool1,
          nicolae_swamp_little_tower
Swamp:2:  layout_falls_marsh, nicolae_swamp_dense_foliage,
          infiniplex_staircase_pool, uniq_mlioglotl, uniq_louise, uniq_nikola
Swamp:3:  layout_falls_marsh, evilmike_swamp_ruin_house_3, nicolae_swamp_oxbows
Swamp:4:  grunt_swamp_rune_castle, layout_basic_swamp
Spider:1: layout_spider_delve, ebering_ghost_rock_garden
Spider:2: layout_cave_pods
Spider:3: layout_cave_pods, uniq_agnes, uniq_asterion, uniq_arachne
Spider:4: grunt_spider_rune_circles
Orc:1:    layout_caves, serial_shops,
          nicolae_shop_temple_entry_statues_fountains
Orc:2:    st_orc_ogre_mass, layout_diamond_mine, serial_shops,
          nicolae_lakefront_shop, basic_altar, nicolae_orc_lava_room,
          uniq_saint_roka, uniq_erolcha
Elf:1:    layout_onion_city, minmay_elf_annihilation
Elf:2:    nicolae_elf_blades_crystal_corner, layout_onion_city, serial_shops,
          shop
Elf:3:    grunt_elf_hall_spiral, layout_rooms, serial_sigils,
          serial_sigils_hangedman_shear, serial_sigils_hangedman_scratch,
          serial_sigils_hangedman_gnaw, serial_sigils_hangedman_writhe
Vaults:1: nicolae_vaults_alarming, v_misc_17, v_misc_22,
          nicolae_vaults_little_squares_2, st_cells, v_misc_13, v_misc_12,
          vaults_room_stairs_pillars, layout_vaults_omnigrid
Vaults:2: minmay_guarded_unrand_guard_vaults, nicolae_vaults_twisting_passages,
          grunt_vaults_diagonal, vaults_room_grid, ontoclasm_vaults_gateway,
          v_alt_pattern_3, v_misc_10, v_misc_18, ontoclasm_vaults_spin,
          ontoclasm_vaults_ligature, nicolae_vaults_asterisk,
          nicolae_vaults_shelves_hall, vaults_room_corners,
          blue_anna_dwarven_crypt, layout_vaults_omnicross, serial_shops,
          nicolae_lakefront_shop, uniq_jory
Vaults:3: hangedman_vaults_stream, v_misc_28, nicolae_vaults_little_squares_2,
          vaults_room_stairs_pillars, grunt_vaults_bifocal,
          nicolae_vaults_know_your_exits, nicolae_vaults_circle_grid_b,
          hangedman_vaults_pinch, vaults_room_fancy_cross, v_misc_8,
          vaults_dpeg_cross, ontoclasm_vaults_loading_screen,
          nicolae_vaults_ring_of_whatevers, nicolae_vaults_theta,
          layout_vaults_big_room, serial_shops, nicolae_shop_stone, serial_glass
Vaults:4: grunt_vaults_hallway_short, v_rooms_2, grunt_vaults_twisty,
          nicolae_vaults_circle_grid_b, hangedman_vaults_corner,
          nicolae_vaults_puzzle_piece, nicolae_vaults_back_hallway,
          vaults_room_boxed, hangedman_vaults_maws,
          nicolae_vaults_little_squares_4, vaults_room_pools, v_misc_17,
          vaults_room_pools, layout_vaults_maze_snakey
Vaults:5: serial_shops, uniq_frederick, uniq_sojobo
Depths:1: layout_gridville, enter_ziggurat_c, hangedman_decor_slide_cut,
          abyss_entry_glasseish, hell_entry, lightli_minifort,
          minmay_shop_grove, uniq_bai_suzhen
Depths:2: radiant_caverns_b_rkd, hell_entry, pan_entry
Depths:3: minmay_tri_box, layout_basic, abyss_entry_flame_altar,
          minmay_stone_trees_medium, hell_entry, minmay_misc_feat_tower
Depths:4: evilmike_zot_entry_hall, layout_cave_pools,
          pf_vacation_house_of_asmodeus, serial_rivers,
          chequers_serial_rivers_small_a, chequers_serial_rivers_large_b,
          chequers_serial_rivers_micro_e, chequers_serial_rivers_micro_a,
          chequers_serial_rivers_micro_e, chequers_serial_rivers_micro_b,
          abyss_entry, uniq_margery
Zot:1:    layout_cellular_growth

Skill      XL: |  1  2  3  4  5  6  7  8  9 10 11 12 13 14 15 16 17 18 19 20 21 22 23 |
---------------+----------------------------------------------------------------------+-----
Ice Magic      | 5 6 7 9 10 | 10.0
Spellcasting   | 3 4 5 7 8 9 10 14 15 16 17 | 17.5
Conjurations   | 2 4 6 9 10 12 13 15 16 17 19 22 | 22.0
Transmutations | 2 5 8 |  8.0
Invocations    | 1 5 8 10 | 10.0
Dodging        | 6 8 10 | 10.0
Fighting       | 7 8 10 | 10.0
Earth Magic    | 6 10 12 14 | 14.0
Shields        | 4 8 10 14 15 | 15.0
Fire Magic     | 5 12 17 18 19 20 21 22 | 22.0
Stealth        | |  1.7

Action                   |  1- 3 |  4- 6 |  7- 9 | 10-12 | 13-15 | 16-18 | 19-21 | 22-24 || total
-------------------------+-------+-------+-------+-------+-------+-------+-------+-------++-------
Melee: Unarmed           |     3 |       |       |       |       |       |       |       ||     3
       Dagger            |    41 |    24 |       |       |       |       |       |       ||    65
       Tailslap          |     4 |     6 |     3 |     1 |    15 |    19 |     7 |     3 ||    58
       Staff             |       |    30 |    21 |    13 |    71 |    63 |    29 |       ||   227
       Rapier            |       |       |       |       |       |       |       |    22 ||    22
Throw: Dart              |       |     5 |       |       |       |       |       |       ||     5
 Cast: Freeze            |    45 |    69 |    50 |    36 |     9 |     1 |       |       ||   210
       Frozen Ramparts   |       |     9 |    46 |    58 |    43 |       |       |       ||   156
       Ozocubu's Armour  |       |     4 |    10 |    25 |    21 |     4 |       |       ||    64
       Hailstorm         |       |     2 |    15 |    30 |    71 |    24 |     2 |       ||   144
       Irradiate         |       |       |       |    74 |   265 |   372 |   216 |   182 ||  1109
       Sticky Flame      |       |       |       |       |    94 |    89 |    26 |       ||   209
       Starburst         |       |       |       |       |       |   171 |   139 |    77 ||   387
       Ignition          |       |       |       |       |       |       |    75 |   190 ||   265
       Lehudib's Crystal |       |       |       |       |       |       |       |   101 ||   101
       Fire Storm        |       |       |       |       |       |       |       |     8 ||     8
Invok: Channel Magic     |       |       |       |       |     5 |     8 |     3 |     2 ||    18
 Abil: Breathe Steam     |       |       |    64 |    58 |    85 |    32 |       |       ||   239
Evoke: Wand              |       |       |       |       |     1 |       |       |     1 ||     2
  Use: Scroll            |       |     7 |     8 |     7 |    19 |     5 |     3 |     2 ||    51
       Potion            |       |       |     1 |       |     5 |     4 |     6 |     1 ||    17
 Stab: Sleeping          |     5 |     3 |       |       |       |       |       |       ||     8
Armor: Skin              |    32 |    52 |    32 |    56 |   180 |   329 |   128 |    68 ||   877
Dodge: Dodged            |    52 |    74 |    44 |    60 |   247 |   295 |   156 |    85 ||  1013
Block: Buckler           |       |     5 |    13 |    23 |    50 |       |       |       ||    91
       Kite shield       |       |       |       |       |    84 |   359 |   264 |   107 ||   814

Table legend: (Time is in decaauts)
 A = Elapsed time spent in this place.
 B = Non-inter-level travel time spent in this place.
 C = Inter-level travel time spent in this place.
 D = Time resting spent in this place.
 E = Time spent auto-exploring this place.
 F = Levels seen in this place.
 G = Mean time per level.
                   A        B        C        D        E       F      G
               +--------+--------+--------+--------+--------+-----+--------+
         Total |  83312 |  78516 |   4796 |  18762 |  46723 |  47 | 1772.6 |
       Dungeon |  21476 |  19502 |   1974 |   1498 |  14958 |  15 | 1431.7 |
          Lair |  11055 |  10338 |    717 |   2052 |   6945 |   6 | 1842.5 |
         Swamp |   8188 |   7795 |    393 |   2574 |   3855 |   4 | 2047.0 |
   Spider Nest |  11391 |  11029 |    362 |   4653 |   4506 |   4 | 2847.8 |
  Orcish Mines |   3281 |   2960 |    321 |    455 |   1948 |   2 | 1640.5 |
   Elven Halls |   5290 |   5115 |    175 |   1737 |   2416 |   3 | 1763.3 |
        Vaults |  12607 |  12175 |    432 |   2819 |   7306 |   5 | 2521.4 |
        Depths |   6910 |   6493 |    417 |   1643 |   3772 |   4 | 1727.5 |
           Zot |     52 |     52 |      0 |      2 |     18 |   1 |   52.0 |
       Ossuary |    533 |    533 |      0 |     49 |    394 |   1 |  533.0 |
        Bailey |    729 |    729 |      0 |     99 |    401 |   1 |  729.0 |
      Ice Cave |   1796 |   1796 |      0 |   1181 |    204 |   1 | 1796.0 |
               +--------+--------+--------+--------+--------+-----+--------+

Top non-repeatable levels by time:
Spider:2: 3969 daAuts
Vaults:5: 2870 daAuts
  Lair:6: 2807 daAuts
Vaults:4: 2641 daAuts
Vaults:1: 2572 daAuts
Depths:2: 2553 daAuts
Spider:4: 2550 daAuts
Spider:1: 2528 daAuts
   Orc:2: 2493 daAuts
Vaults:2: 2490 daAuts
 Swamp:4: 2412 daAuts
    D:10: 2395 daAuts
Spider:3: 2342 daAuts
  Lair:2: 2231 daAuts
 Swamp:3: 2157 daAuts
